 Dungeon Crawl Stone Soup version 0.30-a0-359-gd0147acb1a (webtiles) character file.

Game seed: 8839946998928039401

8112568 Angani the Malleable (level 27, 248/248 HPs)
             Began as a Red Draconian Brigand on Nov 12, 2022.
             Was the Champion of Cheibriados.
             Escaped with the Orb
             ... and 10 runes on Nov 13, 2022!
             The game lasted 05:41:13 (91334 turns).

Angani the Malleable (Red Draconian Brigand)       Turns: 91334, Time: 05:41:13

Health: 248/248    AC: 24    Str: 27    XL:     27
Magic:  39/39      EV: 58    Int: 25    God:    Cheibriados [******]
Gold:   6182       SH: 41    Dex: 55    Spells: 24/59 levels left

rFire   + + .      SeeInvis +    a - +9 double sword (freeze)
rCold   . . .      Faith    +    t - +8 tower shield of Towi {Harm Int-3 Dex+5}
rNeg    . . .      Spirit   .    (body armour unavailable)
rPois   +          Reflect  .    f - +2 hat {SInv}
rElec   +          Harm     +    V - +2 cloak {rCorr}
rCorr   +          Rampage  .    X - +0 pair of fencer's gloves {Riposte Dex+3}
Will    ++++.                    n - +0 pair of boots of Dust Devil {rElec Dex+2}
Stlth   +++.......               A - amulet of Heug {Faith rF+}
HPRegen 0.61/turn                u - ring "Deajidav" {Will++ AC+4}
MPRegen 0.26/turn                Z - ring of Daisies {rPois EV+4 Dex+5}

@: studying 2 skills, very slow
A: breathe fire, AC +13, unfitting armour, fire resistance 1, cold-blooded,
talons 1, deterioration 1, low MP 1, weak 1
0: Orb of Zot
}: 10/15 runes: decaying, serpentine, slimy, silver, abyssal, demonic, glowing,
magical, fiery, dark
a: Breathe Fire, Renounce Religion, Bend Time, Temporal Distortion, Slouch, Step
From Time


You escaped.
You worshipped Cheibriados.
Cheibriados was exalted by your worship.
You visited 12 branches of the dungeon, and saw 56 of its levels.
You visited Pandemonium 1 time, and saw 17 of its levels.
You visited the Abyss 2 times.
You visited 1 ziggurat, and saw 10 of its levels.
You also visited: Trove, Bailey, Ice Cave, Volcano and Wizlab.

You collected 12456 gold pieces.
You spent 6274 gold pieces at shops.

Inventory:

Hand Weapons
 a - a +9 double sword of freezing (weapon)
 b - a +5 eudemon blade of holy wrath
 O - the +6 sword of Cerebov {flame}
   (You took it off Cerebov in Pandemonium)

   It burns those it strikes, dealing additional fire damage.
   Big, fiery blades are also staple armaments of hydra-hunters.
   It temporarily reduces the fire resistance of those it strikes.
Missiles
 c - 74 poisoned darts (quivered)
 d - 13 curare-tipped darts
 C - 12 javelins
 D - 5 silver javelins
 N - 11 atropa-tipped darts
 W - 5 throwing nets
Armour
 f - a +2 hat of see invisible (worn)
 n - the +0 pair of boots of Dust Devil (worn) {rElec Dex+2}
   (You found it on level 4 of the Vaults)

   Dex:       It affects your dexterity (+2).
   rElec:     It insulates you from electricity.
 t - the +8 tower shield of Towi (worn) {Harm Int-3 Dex+5}
   (You found it in a treasure trove)

   Int:       It affects your intelligence (-3).
   Dex:       It affects your dexterity (+5).
   Harm:      It increases damage dealt and taken.
 V - a +2 cloak of preservation (worn)
 X - the +0 pair of fencer's gloves (worn) {Riposte Dex+3}
   (You bought it in a shop on level 11 of the Dungeon)

   It allows the wearer to riposte with melee weapons, swiftly retaliating
   against missed or blocked melee attacks.
   Dex:       It affects your dexterity (+3).
Jewellery
 p - a ring of protection from cold
 u - the ring "Deajidav" (left hand) {Will++ AC+4}
   (You found it in a wizard's laboratory)

   [ring of protection]

   AC:        It affects your AC (+4).
   Will:      It greatly increases your willpower.
 A - the amulet of Heug (around neck) {Faith rF+}
   (You found it on level 3 of the Lair of Beasts)

   [amulet of faith]

   It allows you to gain divine favour quickly.
   rF:        It protects you from fire.
 B - the ring of Orthodoxy {rF+ rC+}
   (You found it on level 7 of a ziggurat)

   [ring of protection from fire]

   rF:        It protects you from fire.
   rC:        It protects you from cold.
 Z - the ring of Daisies (right hand) {rPois EV+4 Dex+5}
   (You found it in a wizard's laboratory)

   [ring of evasion]

   EV:        It affects your evasion (+4).
   Dex:       It affects your dexterity (+5).
   rPois:     It protects you from poison.
Wands
 v - a wand of paralysis (67)
 H - a wand of roots (57)
 K - a wand of quicksilver (34)
 R - a wand of digging (9)
Scrolls
 g - 43 scrolls of teleportation
 i - 10 scrolls of amnesia
 j - 12 scrolls of fear
 m - 7 scrolls of magic mapping
 o - 10 scrolls of poison
 s - 15 scrolls of butterflies
 w - 7 scrolls of summoning
 y - 6 scrolls of enchant armour
 S - 8 scrolls of silence
Potions
 e - 10 potions of ambrosia
 h - 2 potions of magic
 k - 34 potions of curing
 q - 5 potions of mutation
 x - 18 potions of brilliance
 E - 7 potions of flight
 F - a potion of invisibility
 G - 5 potions of resistance
 J - 10 potions of cancellation
 L - 5 potions of attraction
 M - 6 potions of lignification
 Q - 4 potions of might
 U - 4 potions of berserk rage
 Y - 2 potions of heal wounds
Miscellaneous
 l - a tin of tremorstones (2/2)
 r - a box of beasts
 z - a condenser vane
 I - a phial of floods
 P - a phantom mirror
 T - a lightning rod (4/4)


   Skills:
 + Level 20.7 Fighting
 - Level 14.0(19.0) Short Blades
 - Level 20.7(22.2) Long Blades
 - Level 10.0 Throwing
 - Level 20.0 Dodging
 - Level 16.6 Stealth
 - Level 20.0 Shields
 - Level 16.5 Spellcasting
 - Level 20.5 Necromancy
 - Level 8.9 Translocations
 - Level 22.4 Transmutations
 - Level 8.8 Air Magic
 - Level 14.4 Earth Magic
 - Level 19.0 Invocations
 - Level 10.8 Evocations


You had 24 spell levels left.
You knew the following spells:

 Your Spells              Type           Power      Damage    Failure   Level
a - Vhi's Electric Charg  Tloc/Air       100%       N/A       1%          3
b - Apportation           Tloc           100%       N/A       1%          1
c - Statue Form           Tmut/Erth      56%        N/A       1%          6
d - Necromutation         Tmut/Necr      45%        N/A       5%          8
e - Shatter               Erth           37%        3d30*     100%        9
R - Borgnjor's Revivific  Necr           44%        N/A       8%          8

Your spell library contained the following spells:

 Spells                   Type           Power      Damage    Failure   Level
 Necrotise                Necr           100%       1d9       0%          1
 Sandblast                Erth           100%       2d20      0%          1
 Passwall                 Tmut/Erth      70%        N/A       0%          2
 Sublimation of Blood     Necr           89%        N/A       0%          2
 Vampiric Draining        Necr           89%        2d12      0%          3
 Dispel Undead            Necr           89%        3d28      0%          4
 Blade Hands              Tmut           46%        N/A       0%          5
 Kiss of Death            Conj/Necr      100%       2d13      1%          1
 Sting                    Tmut/Pois      100%       1d8       1%          1
 Blink                    Tloc           100%       N/A       1%          2
 Cigotuvi's Dreadful Rot  Necr/Pois/Air  100%       N/A       1%          2
 Momentum Strike          Conj/Tloc      86%        3d10      1%          2
 Poisonous Vapours        Pois/Air       84%        N/A       1%          2
 Static Discharge         Conj/Air       84%        2-6/arc   1%          2
 Gell's Gravitas          Tloc           60%        N/A       1%          3
 Ignite Poison            Fire/Tmut/Pois 55%        N/A       1%          3
 Kindle Blastsparks       Fire/Tloc/Air  100%       2d18      1%          3
 Lesser Beckoning         Tloc           100%       N/A       1%          3
 Spider Form              Tmut/Pois      67%        N/A       1%          3
 Stone Arrow              Conj/Erth      100%       3d13      1%          3
 Teleport Other           Tloc           60%        N/A       1%          3
 Anguish                  Hex/Necr       32%        N/A       1%          4
 Ice Form                 Ice/Tmut       67%        N/A       1%          4
 Passage of Golubria      Tloc           60%        N/A       1%          4
 Petrify                  Tmut/Erth      85%        N/A       1%          4
 Agony                    Necr           89%        N/A       1%          5
 Alistair's Intoxication  Tmut/Pois      44%        N/A       1%          5
 Borgnjor's Vile Clutch   Necr/Erth      41%        N/A       1%          5
 Irradiate                Conj/Tmut      33%        3d22      1%          5
 Lee's Rapid Deconstruct  Erth           37%        3d19*     1%          5
 Yara's Violent Unravell  Hex/Tmut       33%        3d14      1%          5
 Dragon Form              Tmut           46%        N/A       1%          7
 Portal Projectile        Hex/Tloc       86%        N/A       2%          3
 Leda's Liquefaction      Hex/Erth       27%        N/A       2%          4
 Mephitic Cloud           Conj/Pois/Air  35%        N/A       4%          3
 Foxfire                  Conj/Fire      80%        2x1d8     5%          1
 Freeze                   Ice            80%        1d9       5%          1
 Slow                     Hex            80%        N/A       5%          1
 Summon Small Mammal      Summ           80%        N/A       5%          1
 Scorch                   Fire           40%        2d7       9%          2
 Iskenderun's Mystic Bla  Conj/Tloc      43%        2d10      9%          4
 Eringya's Noxious Bog    Tmut/Pois      33%        N/A       9%          6
 Simulacrum               Ice/Necr       32%        N/A       12%         6
 Call Canine Familiar     Summ           20%        N/A       16%         3
 Confusing Touch          Hex            20%        N/A       16%         3
 Dazzling Flash           Conj/Hex       40%        N/A       16%         3
 Frozen Ramparts          Ice            40%        1d7       16%         3
 Hailstorm                Conj/Ice       20%        3d6       16%         3
 Ozocubu's Armour         Ice            20%        N/A       16%         3
 Summon Guardian Golem    Hex/Summ       20%        N/A       16%         3
 Tukima's Dance           Hex            20%        N/A       16%         3
 Dispersal                Tloc           30%        N/A       21%         6
 Arcjolt                  Conj/Air       21%        1d31      24%         5
 Lightning Bolt           Conj/Air       21%        1d36      24%         5
 Silence                  Hex/Air        21%        N/A       24%         5
 Summon Forest            Summ/Tloc      21%        N/A       24%         5
 Iron Shot                Conj/Erth      27%        9d6       38%         6
 Freezing Cloud           Conj/Ice/Air   17%        6-21      41%         5
 Flame Wave               Conj/Fire      20%        2d7       47%         4
 Fulminant Prism          Conj/Hex       10%        3d8       47%         4
 Olgreb's Toxic Radiance  Pois           20%        N/A       47%         4
 Summon Ice Beast         Ice/Summ       20%        N/A       47%         4
 Death's Door             Necr           44%        N/A       75%         9
 Conjure Ball Lightning   Conj/Air       21%        3x3d6     80%         6
 Fireball                 Conj/Fire      10%        3d6       83%         5
 Metabolic Englaciation   Hex/Ice        10%        N/A       83%         5
 Summon Mana Viper        Hex/Summ       20%        N/A       83%         5
 Starburst                Conj/Fire      10%        6d5       100%        6
 Summon Cactus Giant      Summ           10%        N/A       100%        6
 Enfeeble                 Hex            10%        N/A       100%        7
 Malign Gateway           Summ/Tloc      21%        N/A       100%        7
 Monstrous Menagerie      Summ           10%        N/A       100%        7
 Orb of Destruction       Conj           10%        9d6       100%        7
 Ozocubu's Refrigeration  Ice            10%        4d9       100%        7
 Spellforged Servitor     Conj/Summ      10%        N/A       100%        7
 Summon Hydra             Summ           10%        N/A       100%        7
 Discord                  Hex            10%        N/A       100%        8
 Disjunction              Tloc           30%        N/A       100%        8
 Ignition                 Fire           10%        3d5       100%        8
 Lehudib's Crystal Spear  Conj/Erth      27%        10d7      100%        8
 Maxwell's Capacitive Co  Air            30%        ∞         100%        8
 Summon Horrible Things   Summ           10%        N/A       100%        8
 Polar Vortex             Ice            10%        N/A       100%        9
 Animate Armour           Summ/Erth      Unusable   N/A       N/A         4

Dungeon Overview and Level Annotations

Branches:
Dungeon (15/15)            Temple (0/1) D:7            Lair (5/5) D:8
  Swamp (4/4) Lair:2        Snake (4/4) Lair:3        Slime (5/5) Lair:4
    Orc (2/2) D:11            Elf (3/3) Orc:2        Vaults (5/5) D:14
  Crypt (3/3) Vaults:2       Tomb (0/3) Crypt:3      Depths (4/4) D:15
   Hell (visited)             Dis (0/7) Hell            Geh (0/7) Hell
    Coc (0/7) Hell            Tar (0/7) Hell            Zot (5/5) Depths:4
 Bailey (visited)           IceCv (visited)         Volcano (visited)
 WizLab (visited)

Altars:
Ashenzari
Cheibriados
Fedhas
Hepliaklqana
Kikubaaqudgha
Makhleb
Nemelex Xobeh
Okawaru
Qazlal
Sif Muna
Trog
Uskayaw
Vehumet
Wu Jian
Xom
Yredelemnul
Jiyva

Shops:
D:6 !*   D:11 *[=   Orc:2 [[(!   Elf:3 (   Zot:5 *

Portals:
Hell: Depths:1 Depths:2 Depths:3 Depths:4
Abyss: Depths:3 Depths:4
Pandemonium: Depths:1 Depths:2 Depths:4

Annotations:
D:4 3 runed translucent doors, funkygono's ghost, amateur DrFE
D:14 2 transporters, PaleRider's ghost, journeyman TrFi
Swamp:1 Mlioglotl
Elf:2 3 runed translucent doors
Elf:3 1 runed translucent door, exclusion: door, Stonecrops's ghost, veteran FoFi
Zot:1 2 transporters, exclusion: orange crystal statue, Oczupsu's ghost, legendary GrFi; Zuol's ghost, legendary DsDe
Zot:4 3 runed translucent doors, Gebug's ghost, legendary GrBe; Meskin's ghost, legendary DjCj


Innate Abilities, Weirdness & Mutations

You can breathe blasts of fire.
Your fiery red scales are hard. (AC +13)
You cannot fit into any form of body armour.
Your flesh is heat resistant. (rF+)
You are cold-blooded and may be slowed by cold attacks.
You have sharp toenails.
Your body sometimes deteriorates upon taking damage.
Your magical capacity is low. (-10% MP)
You are weak. (Str -2)


Message History

You slice the hellion like a ripe choko!!!
You freeze the hellion.
You kill the hellion!
Cheibriados thoroughly appreciates the change of pace.
HP restored.
There is an open door here.
There is a stone staircase leading up here.
You climb upwards.
There is a stone staircase leading down, spattered with blood here.
Things that are here:
a +0 scale mail; a +0 short sword
There is a stone staircase leading up here.
You climb upwards.
Level annotation: 3 runed translucent doors, funkygono's ghost, amateur DrFE
There is a stone staircase leading down here.
There is a stone staircase leading up here.
You climb upwards.
There is a stone staircase leading down here.
There is a stone staircase leading up here.
You climb upwards.
There is a stone staircase leading down here.
An Orb Guardian comes into view.
You block the Orb Guardian's attack.
You slice the Orb Guardian like a ripe choko!!!
You freeze the Orb Guardian!!
You kill the Orb Guardian!
Cheibriados thoroughly appreciates the change of pace.
No target in view!
No target in view!
There is an escape hatch in the ceiling here.
A mysterious force pulls you upwards. The hatch slams shut behind you.
You see here a +0 dagger.
You see here a +0 dagger.
There is an open door here.
The merfolk shouts!
The meteoran shouts!
The human shouts!
There is an open door here.
There is a staircase leading out of the dungeon here.
You have escaped!

##..#...........
#...#...........
##....##.#######
##...###........
#...............
################
####n#f#x#Q#9#M#K#
#..###############
#@.'..............
#..###############
####N#H#H#O#p#i#V#
###############


There were no monsters in sight!

Vanquished Creatures
  Cerebov (Pan)
  the Royal Jelly (Slime:5)
  Ignacio (Pan)
  5 pandemonium lords
  Gloorx Vloq (Pan)
  A seraph (Pan)
  Mnoleg (Pan)
  5 dread liches
  5 ancient liches
  9 orbs of fire
  A juggernaut (Zig:4)
  Mennas (Vaults:5)
  Boris (Depths:4)
  Frederick (Vaults:4)
  Bai Suzhen (Swamp:4)
  Margery (Crypt:2)
  3 Killer Klowns (Zot:5)
  3 curse toes
  Xtahua (Vaults:2)
  Geryon (Hell)
  10 golden dragons
  A profane servitor (Crypt:3)
  Nikola (Swamp:1)
  Jory (Crypt:1)
  A pearl dragon (Pan)
  A bone dragon (Crypt:3)
  10 Brimstone Fiends
  A hellephant (Zig:6)
  4 electric golems
  2 shard shrike zombies
  Jorgrun (Orc:2)
  2 Tzitzimimeh
  A moon troll (WizLab)
  4 Hell Sentinels (Pan)
  7 liches
  An Ice Fiend (Pan)
  28 Orb Guardians
  22 tentacled monstrosities
  A walking divine tome (Depths:3)
  5 quicksilver dragons
  6 titans
  4 ancient champions
  2 searing wretches (Zig:6)
  2 deep elf master archers (Elf:3)
  27 acid blobs
  2 deep elf blademasters (Elf:3)
  8 death cobs
  7 tentacled starspawn (WizLab)
  5 sphinxes
  2 eldritch tentacles (Pan)
  27 Executioners
  2 thorn hunters
  Agnes (Snake:1)
  Kirke (Swamp:4)
  27 daevas (Pan)
  17 rockslimes
  4 tengu reavers
  11 nagarajas
  Roxanne (Elf:3)
  17 storm dragons
  10 draconian knights
  5 revenants
  5 shadow dragons
  2 fenstrider witches
  16 demonspawn warmongers (Pan)
  11 draconian monks
  8 deep elf sorcerers
  Louise (D:15)
  9 azure jellies
  7 fire giants
  3 iron dragons
  33 balrugs
  24 vault wardens
  15 draconian scorchers
  11 frost giants
  6 draconian shifters
  5 ghost moths
  31 cacodemons
  4 orc warlords
  31 angels (Pan)
  7 deep elf elementalists (Elf:3)
  6 draconian stormcallers
  6 curse skulls
  13 ironbound preservers
  A spriggan defender (Depths:4)
  6 demonspawn corrupters
  13 ghouls
  20 stone giants
  13 demonspawn blood saints (Pan)
  5 war gargoyles
  57 very ugly things
  13 draconian annihilators
  10 quicksilver oozes
  10 ironbound thunderhulks
  18 ophanim (Pan)
  21 reapers
  7 vampire knights
  12 white draconians
  10 eleionomae
  14 green draconians
  13 deep elf annihilators
  6 deep elf demonologists
  15 black draconians
  13 lorocyprocas
  30 apis (Pan)
  21 yellow draconians
  22 red draconians
  10 demonspawn black suns
  14 purple draconians
  4 bunyips
  10 dire elephants
  3 iron golems
  21 blizzard demons (Pan)
  11 eidola
  10 spark wasps
  3 crystal guardians
  15 ettins
  A merfolk impaler (Zig:7)
  9 deep elf death magi
  2 merfolk javelineers (Zig:7)
  8 deep elf high priests
  2 jiangshi (Crypt:1)
  Josephine (D:9)
  A fenstrider witch zombie (Crypt:2)
  A shambling mangrove (Swamp:2)
  12 fire dragons
  14 great orbs of eyes
  10 green deaths (Pan)
  A mummy priest (Crypt:3)
  16 yaktaur captains
  A spriggan zombie (Crypt:3)
  4 entropy weavers
  48 vault guards
  2 rakshasas
  2 caustic shrike simulacra
  4 hell beasts
  A peacekeeper (Vaults:4)
  Erolcha (Orc:2)
  8 ice dragons
  3 salamander tyrants (Snake:4)
  20 hydras
  18 centaur warriors
  5 ogre magi
  2 spriggan air magi
  A ghost crab (Swamp:3)
  5 catoblepae
  4 spriggan skeletons
  2 juggernaut simulacra (Pan)
  A fenstrider witch skeleton (Pan)
  6 ironbound frosthearts
  6 anacondas
  7 death knights
  19 naga warriors
  15 dancing weapons
  7 boulder beetles
  3 deep troll shamans
  9 tengu warriors
  8 alligators
  10 two-headed ogres
  11 hell hogs
  7 death yaks
  2 deep troll earth magi
  4 vampire magi
  A titan zombie (Crypt:3)
  2 orc high priests
  104 sun demons
  25 soul eaters
  A spriggan berserker (Depths:1)
  14 hell knights
  16 naga sharpshooters
  10 spriggans
  15 shock serpents
  2 wretched stars (Abyss:4)
  7 shadow wraiths (Pan)
  13 deep elf knights
  2 titan skeletons
  An iron giant zombie (Crypt:3)
  A quicksilver dragon simulacrum (Hell)
  23 sixfirhies
  Lodul (D:11)
  6 iron trolls
  6 salamander mystics
  2 goliath frogs (Swamp:2)
  A bunyip zombie (Hell)
  16 cherubim (Pan)
  28 skeletal warriors
  41 deep trolls
  6 spriggan druids
  A storm dragon skeleton (Crypt:1)
  3 sea snakes (Zig:7)
  An anaconda zombie (Crypt:3)
  17 wizards
  7 flayed ghosts
  A golden dragon zombie (Crypt:2)
  2 shadow demons (Pan)
  6 swamp dragons
  10 glowing orange brains
  15 ironbound convokers
  An anaconda skeleton (Hell)
  20 deep elf archers
  6 lindwurms
  2 swamp dragons (shapeshifter)
  19 phantasmal warriors
  3 orange crystal statues
  4 bog bodies
  8 orc knights
  8 naga ritualists
  A harpy (shapeshifter) (Elf:1)
  30 deep elf pyromancers
  12 harpies
  6 necromancers
  43 deep elf zephyrmancers
  8 mana vipers
  6 orc sorcerers
  15 salamanders
  2 will-o-the-wisps (Swamp:2)
  14 shining eyes
  A stone giant zombie (Crypt:3)
  A wolf spider (D:15)
  9 cyclopes
  4 oklob plants
  A worldbinder (Abyss:4)
  23 moths of wrath
  82 ugly things
  2 cyclopes (shapeshifter)
  7 manticores
  A goliath frog skeleton (Crypt:1)
  3 dire elephant zombies
  3 rust devils
  18 vault sentinels
  A draconian skeleton (Pan)
  A toenail golem (Pan)
  20 elephants
  A merfolk siren (Zig:7)
  9 guardian serpents
  40 black mambas
  A water nymph (Zig:7)
  14 naga magi
  16 eyes of devastation
  A frost giant skeleton (Crypt:1)
  5 ice statues (Pan)
  A centaur skeleton (Crypt:2)
  26 smoke demons
  A naga zombie (Hell)
  8 molten gargoyles
  36 orange demons
  2 centaur zombies (Crypt:3)
  A torpor snail (shapeshifter) (Vaults:5)
  5 gargoyles
  3 hellions
  An unseen horror (D:12)
  15 cane toads
  12 demonic crawlers
  A dire elephant skeleton (Pan)
  12 rime drakes
  37 yaktaurs
  A naga skeleton (Pan)
  A red draconian zombie (Crypt:1)
  A kobold demonologist (D:11)
  5 tormentors
  2 anaconda simulacra (IceCv)
  12 komodo dragons
  10 ice devils
  10 efreet (Pan)
  14 freezing wraiths
  2 tengu conjurers (D:14)
  A guardian mummy (Crypt:3)
  2 golden dragon simulacra (IceCv)
  A green draconian skeleton (Crypt:2)
  7 hellwings (Pan)
  3 meliai (D:13)
  An ancient zyme (Abyss:4)
  3 harpy zombies (Crypt:3)
  A merfolk (Zig:7)
  3 polar bears (Lair:5)
  6 red devils
  12 hornets
  7 trolls
  20 blink frogs
  A harpy skeleton (Pan)
  116 slime creatures
  13 tyrant leeches
  A dream sheep (shapeshifter) (Depths:3)
  A fire dragon zombie (Crypt:3)
  Prince Ribbit (Bailey)
  A black mamba zombie (Crypt:3)
  A meliai zombie (Crypt:1)
  3 jumping spiders
  12 flying skulls
  A culicivora (Vaults:3)
  2 vampires
  2 ettin skeletons
  19 starcursed masses
  4 shadows
  19 wraiths
  An air elemental (Elf:2)
  A wyvern (D:9)
  39 ynoxinuls
  57 yaks
  An alligator skeleton (Crypt:2)
  5 water elementals
  An ushabti (Crypt:3)
  A fire dragon skeleton (Pan)
  7 hogs (Swamp:4)
  2 black mamba skeletons (Pan)
  11 golden eyes
  A hog (shapeshifter) (Depths:4)
  4 humans (Bailey)
  7 basilisks
  27 chaos spawn (Pan)
  3 small abominations
  32 neqoxecs
  4 steam dragons
  7 vampire mosquitoes
  15 redbacks
  62 large abominations
  A death yak simulacrum (Lair:1)
  17 swamp worms
  9 wargs
  An acid dragon (D:9)
  29 nagas
  A two-headed ogre zombie (Crypt:3)
  2 harpy simulacra
  3 hydra simulacra (IceCv)
  16 water moccasins
  2 cane toad zombies
  6 hell hounds
  37 orc warriors
  5 floating eyes
  An ice beast (D:7)
  10 swamp drakes
  An ettin simulacrum (IceCv)
  2 black bears
  A swamp dragon zombie (Crypt:3)
  8 boggarts
  15 ogres
  A hog skeleton (Crypt:2)
  15 wolves
  15 centaurs
  A dream sheep skeleton (Crypt:2)
  2 lemures (D:5)
  2 kobold brigands (D:8)
  A salamander zombie (Crypt:1)
  A phantom (D:5)
  19 bullfrogs
  2 gnoll sergeants
  6 scorpions
  A two-headed ogre simulacrum (Lair:1)
  4 earth elementals
  14 necrophages
  3 wyvern skeletons (Crypt:3)
  10 killer bees
  7 lindwurm simulacra (IceCv)
  An elephant simulacrum (Lair:1)
  3 electric eels
  9 howler monkeys
  A jelly (shapeshifter) (Vaults:5)
  11 jellies
  2 gnoll boudas
  24 orc priests
  2 iguanas
  A basilisk skeleton (Crypt:1)
  Jessica (D:2)
  27 orc wizards
  Terence (D:2)
  A polar bear simulacrum (Lair:1)
  A spriggan simulacrum (Lair:1)
  A wolf simulacrum (Lair:1)
  A mummy (Crypt:3)
  8 adders
  21 gnolls
  A swamp drake zombie (Crypt:2)
  A shadow imp (D:6)
  3 white imps
  2 ufetubi
  An adder skeleton (Crypt:1)
  An iguana skeleton (Crypt:1)
  A lava snake skeleton (Crypt:2)
  2 dart slugs (D:2)
  2 worms (D:4)
  90 orcs
  6 ball pythons
  22 endoplasms
  2 giant cockroaches
  20 goblins
  7 hobgoblins
  8 quokkas
  3 bats
  5 frilled lizards
  A hobgoblin skeleton (Crypt:2)
  A jackal zombie (Crypt:2)
  17 kobolds
  5 rats
  2 ball lightnings (D:12)
  6 briar patches (Swamp:3)
  5 starspawn tentacles (WizLab)
  3 withered plants (Crypt:3)
3619 creatures vanquished.

Vanquished Creatures (collateral kills)
  A hound (D:7)
1 creature vanquished.

Vanquished Creatures (others)
  An ancient lich (Zot:5)
  A tentacled monstrosity (Pan)
  A draconian monk (Zot:1)
  A demonspawn blood saint (Pan)
  A green draconian (Zot:4)
  A spark wasp (Depths:4)
  2 blizzard demons (Pan)
  An ice dragon (Depths:4)
  A deep elf knight (Elf:1)
  A shadow wraith (Vaults:5)
  An ironbound convoker (Vaults:5)
  2 deep elf zephyrmancers (Elf:2)
  A deep elf pyromancer (Elf:2)
  An eye of devastation (Pan)
  An orange demon (Pan)
  2 bloated husks
  A ynoxinul (Pan)
  A chaos spawn (Pan)
  A neqoxec (Pan)
  2 swamp drakes (Swamp:4)
  A small abomination (D:12)
  An earth elemental (Elf:2)
  An orc (D:8)
  15 ball lightnings
  7 bushes (Abyss:4)
  5 demonic plants (WizLab)
  21 foxfires
  56 fungi
  71 plants
  11 starspawn tentacles
  21 withered plants
234 creatures vanquished.

Grand Total: 3854 creatures vanquished

Notes
Turn   | Place    | Note
-------+----------+-------------------------------------------
     0 | D:1      | Angani the Draconian Brigand began the quest for the Orb.
     0 | D:1      | Reached XP level 1. HP: 17/17 MP: 1/1
     2 | D:1      | Noticed a ghoul
     2 | D:1      | Noticed a naga
     4 | D:1      | Noticed a vine stalker
     4 | D:1      | Noticed a minotaur
     6 | D:1      | Noticed an octopode
     6 | D:1      | Noticed an armataur
     8 | D:1      | Noticed a tengu
     8 | D:1      | Noticed an ogre
    10 | D:1      | Noticed a gargoyle
    10 | D:1      | Noticed a human
    12 | D:1      | Noticed a spriggan
    14 | D:1      | Noticed a vampire
    16 | D:1      | Noticed a demigod
    16 | D:1      | Noticed a troll
    18 | D:1      | Noticed a formicid
    18 | D:1      | Noticed a meteoran
    20 | D:1      | Noticed a felid
    22 | D:1      | Noticed a merfolk
    22 | D:1      | Noticed an elf
    24 | D:1      | Noticed a demonspawn
    24 | D:1      | Noticed a felid
    26 | D:1      | Noticed a troll
    26 | D:1      | Noticed a gargoyle
    89 | D:1      | Reached XP level 2. HP: 26/26 MP: 2/2
   783 | D:2      | Noticed Jessica
   784 | D:2      | Killed Jessica
   785 | D:2      | Reached XP level 3. HP: 33/33 MP: 3/3
   940 | D:2      | Identified the +1 robe of the Swamp {rF+ Int+3}
  1081 | D:2      | Noticed Terence
  1093 | D:2      | Killed Terence
  1094 | D:2      | Reached XP level 4. HP: 26/40 MP: 4/4
  1291 | D:2      | Found a faded altar of an unknown god.
  1294 | D:2      | Prayed at the altar of an unknown god.
  1294 | D:2      | Became a worshipper of Cheibriados the Contemplative
  1294 | D:2      | Reached * piety under Cheibriados
  1510 | D:3      | Found an ornate altar of the Wu Jian Council.
  1529 | D:3      | Reached skill level 1 in Invocations
  1714 | D:3      | Reached ** piety under Cheibriados
  1849 | D:3      | Reached XP level 5. HP: 10/46 MP: 6/6
  2611 | D:4      | Reached skill level 1 in Dodging
  2906 | D:4      | Found a snail-covered altar of Cheibriados.
  2928 | D:4      | Reached XP level 6. HP: 44/52 MP: 8/8
  2997 | D:4      | Reached *** piety under Cheibriados
  3406 | D:4      | Noticed funkygono's ghost (amateur DrFE)
  3417 | D:4      | Found a runed translucent gate.
  3417 | D:4      | Found a runed translucent gate.
  3424 | D:4      | Found a runed translucent gate.
  3647 | D:5      | Entered Level 5 of the Dungeon
  3686 | D:5      | Noticed a water moccasin
  3703 | D:5      | Killed a water moccasin
  3704 | D:5      | Your scales start taking on a fiery red colour.
  3704 | D:5      | Reached XP level 7. HP: 58/60 MP: 9/9
  3704 | D:5      | Gained mutation: Your flesh is heat resistant. (rF+) [Red
                  | Draconian growth]
  3731 | D:5      | Reached skill level 5 in Fighting
  4046 | D:5      | Found a radiant altar of Vehumet.
  4140 | D:5      | Reached **** piety under Cheibriados
  4180 | D:5      | Reached XP level 8. HP: 74/74 MP: 10/10
  4817 | D:6      | Identified the +3 leather armour "Dahic" {rC++}
  5039 | D:6      | Reached skill level 5 in Short Blades
  5071 | D:6      | Found Isobyib's Assorted Antiques.
  5075 | D:6      | Found Mynaom's Distillery.
  5087 | D:6      | Bought a large copper ring for 140 gold pieces
  5087 | D:6      | Bought a pair of embroidered boots for 210 gold pieces
  5656 | D:6      | Reached ***** piety under Cheibriados
  5836 | D:7      | Reached XP level 9. HP: 42/81 MP: 5/12
  5885 | D:7      | Found a flagged portal.
  5902 | Bailey   | Entered a bailey
  5940 | Bailey   | Reached skill level 5 in Invocations
  6120 | Bailey   | Noticed Prince Ribbit
  6130 | Bailey   | Noticed a vault guard
  6132 | Bailey   | Killed Prince Ribbit
  6139 | Bailey   | Gained mutation: You have a somewhat thin skeletal
                  | structure. (Dex +2, Stealth+) [potion of mutation]
  6139 | Bailey   | Gained mutation: You possess an exceptional clarity of
                  | mind. [potion of mutation]
  6149 | Bailey   | Killed a vault guard
  6150 | Bailey   | Reached skill level 10 in Invocations
  6344 | Bailey   | Noticed a vault guard
  6363 | Bailey   | Killed a vault guard
  6364 | Bailey   | Reached skill level 5 in Dodging
  6364 | Bailey   | Reached XP level 10. HP: 88/88 MP: 17/17
  6560 | D:7      | Identified the +6 rapier of Udwad {holy, rN++}
  6606 | D:7      | Found a staircase to the Ecumenical Temple.
  6700 | D:7      | Found a stormy altar of Qazlal.
  6711 | D:7      | Found a shimmering blue altar of Sif Muna.
  6719 | D:7      | Got Sif Muna's Lectures on Darkness
  6724 | D:7      | Found a bloodstained altar of Trog.
  6794 | D:7      | Found a hide-covered altar of Uskayaw.
  6794 | D:7      | Found a broken altar of Ashenzari.
  6796 | D:7      | Found a sparkling altar of Nemelex Xobeh.
  6796 | D:7      | Found an iron altar of Okawaru.
  6991 | D:7      | Found a basalt altar of Yredelemnul.
  7186 | D:8      | Reached ****** piety under Cheibriados
  7263 | D:8      | Reached skill level 5 in Stealth
  7473 | D:8      | Found a staircase to the Lair.
  7902 | D:9      | Found an ancient bone altar of Kikubaaqudgha.
  7919 | D:9      | Reached XP level 11. HP: 42/94 MP: 14/18
  8509 | Lair:1   | Entered Level 1 of the Lair of Beasts
  8516 | Lair:1   | Noticed a catoblepas
  8699 | Lair:1   | Killed a catoblepas
  8785 | Lair:1   | Reached skill level 10 in Stealth
  9028 | Lair:1   | Reached skill level 10 in Fighting
  9498 | Lair:1   | Noticed a death yak
  9519 | Lair:1   | Reached XP level 12. HP: 86/106 MP: 19/19
  9530 | Lair:1   | Killed a death yak
 10480 | Lair:2   | Reached skill level 10 in Short Blades
 10618 | Lair:2   | Noticed a boulder beetle
 10634 | Lair:2   | Killed a boulder beetle
 10840 | Lair:2   | Found a staircase to the Swamp.
 11605 | Lair:3   | Identified the amulet of Heug {Faith rF+}
 11698 | Lair:3   | Found a staircase to the Snake Pit.
 11701 | Lair:3   | Reached skill level 10 in Dodging
 12970 | Lair:4   | Reached skill level 1 in Evocations
 13495 | Lair:4   | Found a viscous altar of Jiyva.
 13683 | Lair:5   | Entered Level 5 of the Lair of Beasts
 13719 | Lair:5   | Reached XP level 13. HP: 106/113 MP: 20/20
 13721 | Lair:5   | Reached skill level 5 in Evocations
 13786 | Lair:5   | Found a dark tunnel.
 13793 | Volcano  | Entered a volcano
 14059 | Volcano  | Noticed an orb of fire
 14363 | Volcano  | Noticed an orb of fire
 14790 | Lair:5   | Reached skill level 10 in Evocations
 15406 | Lair:5   | Reached skill level 5 in Throwing
 15500 | Lair:5   | Reached XP level 14. HP: 120/121 MP: 21/21
 16837 | D:10     | Entered Level 10 of the Dungeon
 16842 | D:10     | Found a burning altar of Makhleb.
 17038 | D:10     | Found the +6 shillelagh "Devastator" {shatter}
 17275 | D:10     | Noticed Josephine
 17294 | D:9      | Killed Josephine
 18058 | D:11     | Found Ixti's Jewellery Emporium.
 18123 | D:11     | Reached skill level 10 in Throwing
 18213 | D:11     | Found a staircase to the Orcish Mines.
 18287 | D:11     | Noticed Lodul
 18316 | D:11     | Killed Lodul
 18358 | D:11     | Found Sotaisuw's Assorted Antiques.
 18618 | D:11     | Identified 2 scrolls of acquirement
 18619 | D:11     | Acquired a manual of Dodging
 18621 | D:11     | Acquired a manual of Stealth
 18930 | D:11     | Found Cehemul's Antique Armour Emporium.
 18935 | D:11     | Bought the +0 pair of fencer's gloves {Riposte Dex+3} for
                  | 1080 gold pieces
 18935 | D:11     | Found the +0 pair of fencer's gloves {Riposte Dex+3}
 18935 | D:11     | Bought a hat for 108 gold pieces
 19657 | D:12     | Identified the +3 leather armour "Fuytuoh" {Will+ Stlth+}
 19985 | Orc:1    | Entered Level 1 of the Orcish Mines
 20007 | Orc:1    | Found a shimmering altar of Xom.
 20135 | Orc:2    | Entered Level 2 of the Orcish Mines
 20204 | Orc:2    | Found Firghym Muyx's Antique Armour Shoppe.
 20370 | Orc:2    | Reached XP level 15. HP: 126/126 MP: 22/22
 20870 | Orc:2    | Found Metusuenlo's Distillery.
 20877 | Orc:2    | Bought a potion of heal wounds for 70 gold pieces
 20877 | Orc:2    | Bought 2 potions of curing for 84 gold pieces
 20877 | Orc:2    | Bought a potion of might for 56 gold pieces
 20945 | Orc:2    | Found a staircase to the Elven Halls.
 21090 | Orc:2    | Found Diozxyn's Antique Armour Shop.
 21093 | Orc:2    | Found Bakiaq's Antique Weapon Boutique.
 21697 | Orc:1    | Noticed Erolcha
 21702 | Orc:1    | Noticed Jorgrun
 21718 | Orc:2    | Killed Erolcha
 21809 | Orc:2    | Killed Jorgrun
 23763 | D:14     | Found a transporter.
 23779 | D:14     | Noticed PaleRider's ghost (journeyman TrFi)
 23782 | D:14     | Found a transporter.
 24013 | D:14     | Found a gate to the Vaults.
 24404 | D:15     | Entered Level 15 of the Dungeon
 24413 | D:15     | Noticed Louise
 24420 | D:15     | Killed Louise
 24551 | D:15     | Reached XP level 16. HP: 101/134 MP: 23/23
 25448 | D:15     | Found a staircase to the Depths.
 25588 | D:15     | Found a faded altar of an unknown god.
 25832 | D:15     | Found a hazy altar of Hepliaklqana.
 26412 | Swamp:1  | Entered Level 1 of the Swamp
 26513 | Swamp:1  | Reached skill level 15 in Stealth
 26749 | Swamp:1  | Reached skill level 15 in Dodging
 27005 | Swamp:1  | Identified the +1 chain mail of Uskayaw's Approval {Int+4
                  | Dex+8}
 27054 | Swamp:1  | Noticed Nikola
 27066 | Swamp:1  | Killed Nikola
 27317 | Swamp:2  | Noticed Mlioglotl
 27323 | Swamp:1  | Noticed a tentacled starspawn
 29396 | Swamp:3  | Noticed a thorn hunter
 29417 | Swamp:3  | Killed a thorn hunter
 30238 | Snake:1  | Entered Level 1 of the Snake Pit
 30250 | Snake:1  | Reached XP level 17. HP: 135/150 MP: 24/24
 31372 | Snake:1  | Noticed Agnes
 31374 | Snake:1  | Killed Agnes
 31654 | Snake:2  | Reached skill level 15 in Fighting
 34764 | Elf:1    | Entered Level 1 of the Elven Halls
 34950 | Elf:1    | Learned a level 3 spell: Vhi's Electric Charge
 35074 | Elf:1    | Reached skill level 1 in Air Magic
 35078 | Elf:1    | Reached skill level 1 in Spellcasting
 35078 | Elf:1    | Reached skill level 1 in Translocations
 35105 | Abyss:2  | Cast into level 2 of the Abyss (a deep elf sorcerer)
 35143 | Elf:1    | Escaped the Abyss
 35153 | Elf:1    | Reached XP level 18. HP: 141/163 MP: 13/28
 36323 | Elf:2    | Reached skill level 5 in Translocations
 36323 | Elf:2    | Reached skill level 5 in Air Magic
 36350 | Elf:2    | Reached skill level 5 in Spellcasting
 36681 | Elf:2    | Identified the +3 mace of Jiklirru {flame, rElec Will+}
 36872 | Elf:2    | Found a runed translucent gate.
 36872 | Elf:2    | Found a runed translucent gate.
 36876 | Elf:2    | Found a runed translucent gate.
 37580 | Elf:3    | Entered Level 3 of the Elven Halls
 37956 | Elf:3    | Found Paxkajum's Weapon Shop.
 38122 | Elf:3    | Found a runed translucent door.
 38123 | Elf:3    | Noticed Stonecrops's ghost (veteran FoFi)
 38138 | Elf:3    | Noticed Roxanne
 38301 | Elf:3    | Killed Roxanne
 38746 | Abyss:3  | Cast into level 3 of the Abyss (a deep elf demonologist)
 38966 | Abyss:4  | Noticed a profane servitor
 39006 | Abyss:4  | Found a corrupted altar of Lugonu.
 39007 | Abyss:4  | Found a corrupted altar of Lugonu.
 39064 | Abyss:4  | Got an abyssal rune of Zot
 39283 | Abyss:4  | Found a corrupted altar of Lugonu.
 39335 | Elf:3    | Escaped the Abyss
 39465 | Elf:3    | Identified the ring "Ytiorodd" {Contam Fly Str+9 Int+4}
 39476 | Elf:3    | Reached XP level 19. HP: 150/170 MP: 20/23
 39632 | Elf:3    | Identified the +2 long sword "Pext" {vorpal, MP+9 Dex+3}
 39852 | Elf:3    | Identified the +3 scale mail "Sentuu" {rElec Str+2}
 39918 | Elf:3    | Identified the ring of the Moon {Ice Drain rN++ Int-5
                  | Dex+8}
 39962 | Elf:3    | Identified the +4 plate armour of Vexation {rN+}
 41693 | Swamp:4  | Entered Level 4 of the Swamp
 41698 | Swamp:4  | Reached skill level 1 in Shields
 41809 | Swamp:4  | Noticed Bai Suzhen
 41816 | Swamp:4  | Killed Bai Suzhen
 42085 | Swamp:4  | Reached skill level 5 in Shields
 42230 | Swamp:4  | Got a decaying rune of Zot
 42630 | Swamp:4  | Noticed Kirke
 42651 | Swamp:4  | Killed Kirke
 43374 | D:11     | Bought the ring of the Hare {EV+8} for 1920 gold pieces
 43374 | D:11     | Found the ring of the Hare {EV+8}
 43577 | Snake:4  | Entered Level 4 of the Snake Pit
 43706 | Snake:4  | Found a frozen archway.
 43864 | IceCv    | Entered an ice cave
 44268 | Snake:4  | Reached skill level 1 in Long Blades
 44279 | Snake:4  | Identified the +8 sling of Fatigue {drain, rElec}
 44742 | Snake:4  | Reached skill level 5 in Long Blades
 44745 | Snake:4  | Reached XP level 20. HP: 157/178 MP: 29/32
 45490 | Snake:4  | Got a serpentine rune of Zot
 46397 | Orc:2    | Bought an embroidered cloak for 217 gold pieces
 46528 | Vaults:1 | Entered Level 1 of the Vaults
 46923 | Vaults:1 | Reached skill level 10 in Long Blades
 48689 | Vaults:2 | Noticed Xtahua
 48694 | Vaults:2 | Killed Xtahua
 49034 | Vaults:2 | Reached XP level 21. HP: 184/184 MP: 33/33
 49078 | Vaults:2 | Found a staircase to the Crypt.
 49095 | Vaults:2 | Reached skill level 10 in Shields
 49332 | Vaults:2 | Identified the +2 leather armour "Imud" {rF+ rN+ Str+8
                  | Int-2}
 50251 | Vaults:3 | Found a magical portal.
 50256 | WizLab   | Entered Lehudib's Moon Base
 50348 | WizLab   | Paralysed by accursed screaming for 1 turns
 50652 | WizLab   | Identified the ring of Daisies {rPois EV+4 Dex+5}
 50676 | WizLab   | Paralysed by accursed screaming for 1 turns
 50923 | WizLab   | Found a transporter.
 50966 | WizLab   | Found a transporter.
 51143 | WizLab   | Gained mutation: You occasionally lose the ability to read
                  | scrolls when taking damage. [a cacodemon]
 51177 | WizLab   | Identified the ring "Ditt" {rF- rCorr Str+6 SInv}
 51178 | WizLab   | Identified the ring "Deajidav" {Will++ AC+4}
 51200 | WizLab   | Identified the +0 scale mail of the Five Teaching Seas
                  | {Dex+2}
 51379 | Vaults:3 | Reached skill level 15 in Shields
 52164 | Vaults:3 | Reached XP level 22. HP: 194/194 MP: 34/34
 52802 | Vaults:4 | Identified the +0 pair of boots of Dust Devil {rElec Dex+2}
 52837 | Vaults:4 | Noticed a golden dragon
 52847 | Vaults:4 | Killed a golden dragon
 53079 | Vaults:4 | Got the Omnibus of Conjury
 54481 | Crypt:1  | Entered Level 1 of the Crypt
 54497 | Crypt:1  | Noticed Jory
 54531 | Crypt:1  | Killed Jory
 55142 | Crypt:1  | Identified the +5 scale mail of the Harp {Dex+3}
 55487 | Crypt:2  | Noticed Margery
 55495 | Crypt:2  | Killed Margery
 56022 | Crypt:2  | Reached XP level 23. HP: 214/215 MP: 35/35
 56417 | Crypt:2  | Reached skill level 15 in Long Blades
 56651 | Crypt:3  | Entered Level 3 of the Crypt
 56871 | Crypt:3  | Learned a level 1 spell: Apportation
 57145 | Crypt:3  | Identified the +3 spear of the Disturbing Youths {freeze,
                  | Str+2}
 57310 | Crypt:3  | Identified the amulet of Attitude {Faith Contam rElec MP+9}
 57430 | Crypt:3  | Found a basalt altar of Yredelemnul.
 57639 | Crypt:3  | Identified the +2 robe of Inyloev {Drain Will+ Regen+
                  | Int+9}
 57676 | Crypt:3  | Identified the +1 kite shield of the Dungeon {rElec Dex+4}
 57696 | Crypt:3  | Got Kikubaaqudgha's Lectures on Profane Rites
 58040 | Crypt:3  | Found a staircase to the Tomb.
 58793 | Depths:1 | Entered Level 1 of the Depths
 58793 | Depths:1 | Found a broken altar of Ashenzari.
 59048 | Depths:1 | Found a one-way gate leading to the halls of Pandemonium.
 59231 | Depths:1 | Found a gateway to Hell.
 59346 | Depths:1 | Found a blossoming altar of Fedhas.
 59575 | Depths:1 | Found a portal to a secret trove of treasure.
 59584 | Depths:1 | You paid a toll of the ring of the Hare to enter a treasure
                  | trove
 59585 | Trove    | Entered a treasure trove
 59594 | Trove    | Identified the -2 hat of the Insatiable Quests {rElec rN++
                  | rCorr Dex-5}
 59595 | Trove    | Identified the +0 kite shield of the Yeti {+Blink}
 59596 | Trove    | Identified the +4 kite shield of Cloud Cover {rC+ Str+4
                  | Stlth+}
 59597 | Trove    | Identified the +8 tower shield of Towi {Harm Int-3 Dex+5}
 59600 | Trove    | Identified the +0 hat of the Morning Star {rPois rF- Dex+2}
 59601 | Trove    | Identified the +0 pair of gloves of the Realm of Zot {rF-
                  | Will+ Str+4}
 59603 | Trove    | Identified the +5 tower shield of the Freezing Gods
                  | {Rampage +Inv rC- Dex+8}
 59604 | Trove    | Identified the +1 pair of boots "Ekhigrigh" {Harm Str+2}
 59607 | Trove    | Identified the +0 pair of boots of the Distant Future {MP+9
                  | Str+5}
 59628 | Trove    | Identified the +1 hat of the Solstice {Int+6}
 60667 | Depths:2 | Identified the ring "Hoxo Sae" {*Slow Fly rCorr AC+4}
 61382 | Depths:3 | Reached XP level 24. HP: 177/224 MP: 30/35
 61583 | Depths:3 | Found a one-way gate to the infinite horrors of the Abyss.
 61620 | Depths:3 | Found a one-way gateway to a ziggurat.
 62300 | Depths:4 | Entered Level 4 of the Depths
 62466 | Depths:4 | Paralysed by a floating eye for 2 turns
 62739 | Depths:4 | Found a gate to the Realm of Zot.
 62960 | Depths:4 | Noticed Boris
 62965 | Depths:4 | Killed Boris
 63271 | Depths:4 | Identified the ring of Suicidal Tendencies {*Slow rElec rF+
                  | SInv}
 63274 | Depths:4 | Identified the +1 leather armour "Ruesh" {rCorr}
 63787 | Lair:4   | Found a staircase to the Slime Pits.
 63811 | Slime:1  | Entered Level 1 of the Pits of Slime
 64045 | Slime:2  | Gained mutation: You sometimes lose the ability to read
                  | scrolls when taking damage. [a shining eye]
 64691 | Slime:3  | Found a viscous altar of Jiyva.
 65649 | Slime:5  | Entered Level 5 of the Pits of Slime
 65675 | Slime:5  | Reached XP level 25. HP: 216/231 MP: 24/35
 65732 | Slime:5  | Noticed the Royal Jelly
 65737 | Slime:5  | Killed the Royal Jelly
 65776 | Slime:5  | Lost mutation: You possess an exceptional clarity of mind.
                  | [a shining eye]
 65785 | Slime:5  | Got a slimy rune of Zot
 65821 | Slime:5  | Got the Collected Works on Sculpting and Blight
 65845 | Slime:5  | Identified the +1 robe "Ububraic" {rPois Str-5 Dex+3}
 65870 | Slime:5  | Identified the ring of Elitism {rC- Str+3 Dex+6 Stlth+}
 65871 | Slime:5  | Identified the +1 leather armour of the Eggfruit {Str+6
                  | Int+3}
 65877 | Slime:5  | Got Jiontagiom's Collected Works on Gathered Hoarfrost
 65909 | Slime:5  | eggfruit owo
 66465 | Vaults:3 | Lost mutation: You sometimes lose the ability to read
                  | scrolls when taking damage. [potion of mutation]
 66465 | Vaults:3 | Lost mutation: You occasionally lose the ability to read
                  | scrolls when taking damage. [potion of mutation]
 66465 | Vaults:3 | Lost mutation: You have a somewhat thin skeletal structure.
                  | (Dex +2, Stealth+) [potion of mutation]
 66465 | Vaults:3 | Gained mutation: You are dopey. (Int -2) [potion of
                  | mutation]
 66465 | Vaults:3 | Gained mutation: Your muscles are strong. (Str +4, Int/Dex
                  | -1) [potion of mutation]
 66465 | Vaults:3 | Gained mutation: You possess an exceptional clarity of
                  | mind. [potion of mutation]
 66517 | Vaults:5 | Entered Level 5 of the Vaults
 66519 | Vaults:5 | Noticed Frederick
 66531 | Vaults:4 | Killed Frederick
 66899 | Vaults:5 | Identified the amulet of Autumn {RegenMP rN+}
 66997 | Vaults:5 | Got a silver rune of Zot
 67145 | Vaults:5 | Identified the +8 whip of the Growing Gods {flame, Fragile
                  | Str+6}
 67389 | Vaults:5 | Noticed Mennas
 67399 | Vaults:5 | Killed Mennas
 67517 | Vaults:5 | Reached skill level 15 in Invocations
 68309 | Vaults:5 | Noticed a dread lich
 68312 | Vaults:5 | Killed a dread lich
 68587 | D:11     | Bought a scroll of immolation for 128 gold pieces
 68587 | D:11     | Bought a potion of mutation for 256 gold pieces
 68682 | Orc:2    | Bought a potion of brilliance for 56 gold pieces
 68682 | Orc:2    | Bought a potion of brilliance for 56 gold pieces
 68682 | Orc:2    | Bought a potion of cancellation for 112 gold pieces
 68682 | Orc:2    | Bought a potion of ambrosia for 112 gold pieces
 68682 | Orc:2    | Bought a potion of attraction for 42 gold pieces
 68682 | Orc:2    | Bought a potion of attraction for 42 gold pieces
 68871 | D:6      | Bought a potion of lignification for 39 gold pieces
 68871 | D:6      | Bought a potion of attraction for 39 gold pieces
 68871 | D:6      | Bought a potion of curing for 39 gold pieces
 68871 | D:6      | Bought a potion of curing for 39 gold pieces
 68871 | D:6      | Bought a potion of brilliance for 52 gold pieces
 68871 | D:6      | Bought a potion of resistance for 130 gold pieces
 68875 | D:6      | Bought a wand of roots (7) for 470 gold pieces
 68875 | D:6      | Bought a scroll of magic mapping for 210 gold pieces
 68875 | D:6      | Bought a potion of curing for 84 gold pieces
 68875 | D:6      | Bought a potion of flight for 84 gold pieces
 68875 | D:6      | Bought a potion of curing for 84 gold pieces
 68875 | D:6      | Bought a scroll of immolation for 112 gold pieces
 69199 | Zot:1    | Entered Level 1 of the Realm of Zot
 69199 | Zot:1    | Found a transporter.
 69211 | Zot:1    | Noticed an orb of fire
 69215 | Zot:1    | Killed an orb of fire
 69304 | Zot:1    | Reached XP level 26. HP: 228/239 MP: 32/35
 69620 | Zot:1    | Noticed an orb of fire
 69626 | Zot:1    | Gained mutation: You are vulnerable to cold. (rC-) [an orb
                  | of fire]
 69629 | Zot:1    | Killed an orb of fire
 69732 | Zot:1    | Lost mutation: You are vulnerable to cold. (rC-) [potion of
                  | mutation]
 69732 | Zot:1    | Lost mutation: You are dopey. (Int -2) [potion of mutation]
 69732 | Zot:1    | Gained mutation: You are strong-willed. (Will+) [potion of
                  | mutation]
 69732 | Zot:1    | Gained mutation: Your muscles are very strong. (Str +8,
                  | Int/Dex -2) [potion of mutation]
 70031 | Zot:1    | Noticed an orb of fire
 70177 | Zot:1    | Noticed Oczupsu's ghost (legendary GrFi)
 70209 | Zot:1    | Noticed Zuol's ghost (legendary DsDe)
 70215 | Zot:1    | Found a transporter.
 70433 | Zot:1    | Learned a level 6 spell: Statue Form
 70442 | Zot:1    | Learned a level 8 spell: Necromutation
 70518 | Zot:2    | Reached skill level 1 in Transmutations
 70518 | Zot:2    | Reached skill level 1 in Earth Magic
 70558 | Zot:2    | Reached skill level 1 in Necromancy
 70593 | Zot:2    | Reached skill level 2 in Transmutations
 70615 | Zot:2    | Reached skill level 3 in Transmutations
 70876 | Zot:2    | Reached skill level 4 in Transmutations
 71127 | Zot:2    | Noticed an orb of fire
 71129 | Zot:2    | Gained mutation: You are dopey. (Int -2) [an orb of fire]
 71131 | Zot:2    | Gained mutation: You are very dopey. (Int -4) [an orb of
                  | fire]
 71134 | Zot:2    | Killed an orb of fire
 71254 | Zot:2    | Reached skill level 5 in Transmutations
 71254 | Zot:2    | Reached skill level 5 in Earth Magic
 71646 | Zot:3    | Reached skill level 6 in Transmutations
 71818 | Zot:3    | Identified the +4 great mace of Fedhas's Indignation
                  | {chaos, Str+8}
 71835 | Zot:3    | Reached skill level 7 in Transmutations
 72225 | Zot:4    | Noticed an orb of fire
 72326 | Zot:4    | Reached skill level 5 in Necromancy
 72397 | Zot:4    | Gained mutation: Your spells are a little easier to cast,
                  | but a little less powerful. [an orb of fire]
 72398 | Zot:4    | Lost mutation: You possess an exceptional clarity of mind.
                  | [an orb of fire]
 72398 | Zot:4    | Gained mutation: You are vulnerable to cold. (rC-) [an orb
                  | of fire]
 72407 | Zot:4    | Killed an orb of fire
 72408 | Zot:4    | Reached skill level 8 in Transmutations
 72599 | Zot:4    | Lost mutation: Your muscles are very strong. (Str +8,
                  | Int/Dex -2) [potion of mutation]
 72599 | Zot:4    | Lost mutation: Your spells are a little easier to cast, but
                  | a little less powerful. [potion of mutation]
 72599 | Zot:4    | Lost mutation: You are very dopey. (Int -4) [potion of
                  | mutation]
 72599 | Zot:4    | Lost mutation: Your muscles are strong. (Str +4, Int/Dex
                  | -1) [potion of mutation]
 72599 | Zot:4    | Gained mutation: You have large cloven feet. [potion of
                  | mutation]
 72600 | Zot:4    | Lost mutation: You are strong-willed. (Will+) [potion of
                  | mutation]
 72600 | Zot:4    | Lost mutation: You have large cloven feet. [potion of
                  | mutation]
 72600 | Zot:4    | Lost mutation: You are dopey. (Int -2) [potion of mutation]
 72600 | Zot:4    | Gained mutation: You are partially covered in large bone
                  | plates. (SH +4) [potion of mutation]
 72600 | Zot:4    | Gained mutation: You have a pair of small antennae on your
                  | head. [potion of mutation]
 72600 | Zot:4    | Gained mutation: You are dopey. (Int -2) [potion of
                  | mutation]
 72601 | Zot:4    | Lost mutation: You have a pair of small antennae on your
                  | head. [potion of mutation]
 72601 | Zot:4    | Lost mutation: You are dopey. (Int -2) [potion of mutation]
 72601 | Zot:4    | Lost mutation: You are partially covered in large bone
                  | plates. (SH +4) [potion of mutation]
 72601 | Zot:4    | Gained mutation: You have large cloven feet. [potion of
                  | mutation]
 72601 | Zot:4    | Lost mutation: You are vulnerable to cold. (rC-) [potion of
                  | mutation]
 72601 | Zot:4    | Gained mutation: Your flesh is cold resistant. (rC+)
                  | [potion of mutation]
 72601 | Zot:4    | Gained mutation: You are agile. (Dex +4, Str/Int -1)
                  | [potion of mutation]
 72642 | Zot:4    | Acquired Sif Muna's Compendium of the Toxic Geologist
 72679 | Zot:4    | Learned a level 9 spell: Shatter
 72728 | Zot:4    | Reached XP level 27. HP: 241/246 MP: 30/36
 72729 | Zot:4    | Reached skill level 9 in Transmutations
 72791 | Zot:4    | Found a runed translucent gate.
 72791 | Zot:4    | Found a runed translucent gate.
 72791 | Zot:4    | Found a runed translucent gate.
 72795 | Zot:4    | Noticed Gebug's ghost (legendary GrBe)
 72795 | Zot:4    | Noticed Meskin's ghost (legendary DjCj)
 73220 | Zot:5    | Entered Level 5 of the Realm of Zot
 73269 | Zot:5    | Found Seecatz's CLEARANCE SALE!.
 73278 | Zot:5    | Reached skill level 10 in Transmutations
 73281 | Zot:5    | Reached skill level 10 in Earth Magic
 73289 | Zot:5    | Bought a scroll of fear for 28 gold pieces
 73289 | Zot:5    | Bought a wand of digging (5) for 147 gold pieces
 73289 | Zot:5    | Bought a scroll of fear for 28 gold pieces
 73699 | Zot:5    | Reached skill level 11 in Transmutations
 73725 | Zot:5    | Noticed an ancient lich
 73734 | Zot:5    | Noticed an ancient lich
 73735 | Zot:5    | Noticed an ancient lich
 73746 | Zot:5    | Killed an ancient lich
 73747 | Zot:5    | Noticed an ancient lich
 73748 | Zot:5    | Killed an ancient lich
 73755 | Zot:5    | Killed an ancient lich
 73766 | Zot:5    | Killed an ancient lich
 73932 | Zot:5    | Noticed an orb of fire
 73938 | Zot:5    | Gained mutation: You occasionally shout uncontrollably at
                  | your foes. [an orb of fire]
 73940 | Zot:5    | Gained mutation: You are dopey. (Int -2) [an orb of fire]
 73943 | Zot:5    | Killed an orb of fire
 73944 | Zot:5    | Reached skill level 12 in Transmutations
 74090 | Zot:5    | Noticed an orb of fire
 74093 | Zot:5    | Gained mutation: Your body sometimes deteriorates upon
                  | taking damage. [an orb of fire]
 74097 | Zot:5    | Noticed a dread lich
 74104 | Zot:5    | Killed an orb of fire
 74121 | Zot:5    | Killed a dread lich
 74152 | Zot:5    | Noticed an orb of fire
 74154 | Zot:5    | Gained mutation: You are frail. (-10% HP) [an orb of fire]
 74156 | Zot:5    | Gained mutation: You are very frail. (-20% HP) [an orb of
                  | fire]
 74159 | Zot:5    | Gained mutation: You are extremely frail. (-30% HP) [an orb
                  | of fire]
 74163 | Zot:5    | Killed an orb of fire
 74352 | Zot:5    | Lost mutation: You are dopey. (Int -2) [potion of mutation]
 74352 | Zot:5    | Lost mutation: You are agile. (Dex +4, Str/Int -1) [potion
                  | of mutation]
 74352 | Zot:5    | Lost mutation: Your body sometimes deteriorates upon taking
                  | damage. [potion of mutation]
 74352 | Zot:5    | Lost mutation: You are extremely frail. (-30% HP) [potion
                  | of mutation]
 74352 | Zot:5    | Gained mutation: Your flesh is very heat resistant. (rF++)
                  | [potion of mutation]
 74353 | Zot:5    | Lost mutation: Your flesh is cold resistant. (rC+) [potion
                  | of mutation]
 74353 | Zot:5    | Lost mutation: You occasionally shout uncontrollably at
                  | your foes. [potion of mutation]
 74353 | Zot:5    | Gained mutation: You are somewhat resistant to further
                  | mutation. [potion of mutation]
 74354 | Zot:5    | Lost mutation: Your flesh is very heat resistant. (rF++)
                  | [potion of mutation]
 74354 | Zot:5    | Lost mutation: You are very frail. (-20% HP) [potion of
                  | mutation]
 74354 | Zot:5    | Lost mutation: You have large cloven feet. [potion of
                  | mutation]
 74355 | Zot:5    | Lost mutation: You are frail. (-10% HP) [potion of
                  | mutation]
 74355 | Zot:5    | Lost mutation: You are somewhat resistant to further
                  | mutation. [potion of mutation]
 74355 | Zot:5    | Gained mutation: You do not regenerate when monsters are
                  | visible. [potion of mutation]
 74355 | Zot:5    | Gained mutation: Your spells are a little easier to cast,
                  | but a little less powerful. [potion of mutation]
 74355 | Zot:5    | Gained mutation: You possess an exceptional clarity of
                  | mind. [potion of mutation]
 74356 | Zot:5    | Lost mutation: You possess an exceptional clarity of mind.
                  | [potion of mutation]
 74356 | Zot:5    | Lost mutation: You do not regenerate when monsters are
                  | visible. [potion of mutation]
 74356 | Zot:5    | Lost mutation: Your spells are a little easier to cast, but
                  | a little less powerful. [potion of mutation]
 74356 | Zot:5    | Gained mutation: You have large cloven feet. [potion of
                  | mutation]
 74356 | Zot:5    | Gained mutation: Your tail ends in a venomous barb. [potion
                  | of mutation]
 74356 | Zot:5    | Gained mutation: Your flesh is cold resistant. (rC+)
                  | [potion of mutation]
 74356 | Zot:5    | Gained mutation: You are robust. (+10% HP) [potion of
                  | mutation]
 74626 | Zot:5    | Reached skill level 13 in Transmutations
 74673 | Zot:5    | Noticed an ancient lich
 74676 | Zot:5    | Noticed a dread lich
 74678 | Zot:5    | Noticed an orb of fire
 74683 | Zot:5    | Noticed an orb of fire
 74685 | Zot:5    | Killed an orb of fire
 74688 | Zot:5    | Killed a dread lich
 74691 | Zot:5    | Killed an ancient lich
 74692 | Zot:5    | Noticed a dread lich
 74695 | Zot:5    | Killed an orb of fire
 74701 | Zot:5    | Killed a dread lich
 74880 | Zot:5    | Reached skill level 10 in Necromancy
 74884 | Zot:5    | Reached skill level 14 in Transmutations
 75454 | Pan      | Entered Pandemonium
 76286 | Pan      | Gained mutation: Your magical capacity is low. (-10% MP) [a
                  | cacodemon]
 76636 | Pan      | Found an exit through the horrors of the Abyss.
 76664 | Pan      | Noticed Jade the pandemonium lord
 76673 | Pan      | Killed Jade the pandemonium lord
 76875 | Pan      | Entered the realm of Mnoleg.
 76878 | Pan      | Gained mutation: Your body sometimes deteriorates upon
                  | taking damage. [a cacodemon]
 76886 | Pan      | Gained mutation: You do not regenerate when monsters are
                  | visible. [a cacodemon]
 76901 | Pan      | Reached skill level 15 in Transmutations
 77221 | Pan      | Gained mutation: You occasionally lose the ability to read
                  | scrolls when taking damage. [a neqoxec]
 77264 | Pan      | Gained mutation: Your body often deteriorates upon taking
                  | damage. [a cacodemon]
 77431 | Pan      | Paralysed by a floating eye for 4 turns
 77431 | Pan      | Gained mutation: You are dopey. (Int -2) [a cacodemon]
 77438 | Pan      | Paralysed by a floating eye for 2 turns
 77441 | Pan      | Gained mutation: You are clumsy. (Dex -2) [a cacodemon]
 77479 | Pan      | Noticed Mnoleg
 77490 | Pan      | Paralysed by a floating eye for 4 turns
 77495 | Pan      | Killed Mnoleg
 77509 | Pan      | Gained mutation: Potions are less effective at restoring
                  | your health. [a cacodemon]
 77544 | Pan      | Got the Opusculum on Non-Euclidean Calefaction
 77567 | Pan      | Got a glowing rune of Zot
 77590 | Pan      | Identified the +7 morningstar of Ascent {venom, rElec}
 77597 | Pan      | Identified the +6 halberd "Zuezoses" {freeze, rElec rC++
                  | rCorr Dex-3}
 77755 | Pan      | Lost mutation: Potions are less effective at restoring your
                  | health. [potion of mutation]
 77755 | Pan      | Lost mutation: Your flesh is cold resistant. (rC+) [potion
                  | of mutation]
 77755 | Pan      | Lost mutation: You do not regenerate when monsters are
                  | visible. [potion of mutation]
 77755 | Pan      | Lost mutation: Your tail ends in a venomous barb. [potion
                  | of mutation]
 77755 | Pan      | Lost mutation: You are dopey. (Int -2) [potion of mutation]
 77755 | Pan      | Lost mutation: You are robust. (+10% HP) [potion of
                  | mutation]
 77756 | Pan      | Lost mutation: Your body often deteriorates upon taking
                  | damage. [potion of mutation]
 77756 | Pan      | Lost mutation: Your magical capacity is low. (-10% MP)
                  | [potion of mutation]
 77756 | Pan      | Lost mutation: You are clumsy. (Dex -2) [potion of
                  | mutation]
 77756 | Pan      | Gained mutation: You are clumsy. (Dex -2) [potion of
                  | mutation]
 77756 | Pan      | Gained mutation: You are strong-willed. (Will+) [potion of
                  | mutation]
 77757 | Pan      | Lost mutation: You have large cloven feet. [potion of
                  | mutation]
 77757 | Pan      | Lost mutation: You are clumsy. (Dex -2) [potion of
                  | mutation]
 77757 | Pan      | Gained mutation: Your system is resistant to poisons.
                  | (rPois) [potion of mutation]
 77757 | Pan      | Gained mutation: Your tail ends in a venomous barb. [potion
                  | of mutation]
 77758 | Pan      | Lost mutation: You are strong-willed. (Will+) [potion of
                  | mutation]
 77758 | Pan      | Lost mutation: Your body sometimes deteriorates upon taking
                  | damage. [potion of mutation]
 77758 | Pan      | Lost mutation: Your system is resistant to poisons. (rPois)
                  | [potion of mutation]
 77758 | Pan      | Gained mutation: You are agile. (Dex +4, Str/Int -1)
                  | [potion of mutation]
 77759 | Pan      | Lost mutation: You occasionally lose the ability to read
                  | scrolls when taking damage. [potion of mutation]
 77759 | Pan      | Lost mutation: You are agile. (Dex +4, Str/Int -1) [potion
                  | of mutation]
 77759 | Pan      | Lost mutation: Your tail ends in a venomous barb. [potion
                  | of mutation]
 77759 | Pan      | Gained mutation: You have hidden genetic potential. [potion
                  | of mutation]
 77759 | Pan      | Lost mutation: You have hidden genetic potential. [potion
                  | of mutation]
 77759 | Pan      | Gained mutation: You have sharp toenails. [potion of
                  | mutation]
 78236 | Pan      | Noticed a seraph
 78247 | Pan      | Killed a seraph
 78268 | Pan      | Found a glowing golden altar of the Shining One.
 78294 | Pan      | Got the Compendium of Shifting and Blight
 78300 | Pan      | Got a demonic rune of Zot
 78301 | Pan      | Identified the +4 shortbow "Jaugof" {speed, +Blink rElec
                  | Int+2}
 78304 | Pan      | Identified the +0 pair of gloves of the Valley {rPois
                  | Int+2}
 78465 | Pan      | Reached skill level 16 in Transmutations
 78815 | Pan      | Found a glowing silver altar of Zin.
 79758 | Pan      | Reached skill level 17 in Transmutations
 80107 | Pan      | Found a white marble altar of Elyvilon.
 80691 | Pan      | Identified the +3 ice dragon scales of Altruism {Fly rF-
                  | rC++}
 80782 | Pan      | Entered the realm of Lom Lobon.
 80935 | Pan      | Reached skill level 15 in Necromancy
 81230 | Pan      | Reached skill level 18 in Transmutations
 81748 | Pan      | Noticed Lom Lobon
 81781 | Pan      | Got a magical rune of Zot
 82312 | Pan      | Found an exit through the horrors of the Abyss.
 82351 | Pan      | Noticed Ceqa the pandemonium lord
 82895 | Pan      | Gained mutation: You are weak. (Str -2) [a cacodemon]
 83034 | Pan      | Killed Ceqa the pandemonium lord
 83067 | Pan      | Noticed Ignacio
 83082 | Pan      | Killed Ignacio
 83083 | Pan      | Reached skill level 19 in Transmutations
 83957 | Pan      | Learned a level 8 spell: Borgnjor's Revivification
 83959 | Pan      | Entered the realm of Gloorx Vloq.
 84348 | Pan      | Reached skill level 20 in Transmutations
 84510 | Pan      | Noticed Gloorx Vloq
 84519 | Pan      | Killed Gloorx Vloq
 84525 | Pan      | Got a dark rune of Zot
 84555 | Pan      | Entered the realm of Cerebov.
 84627 | Pan      | Found an exit through the horrors of the Abyss.
 84987 | Pan      | Identified the +6 triple sword "Exei" {spect, rF+}
 84987 | Pan      | Identified the ring "Kurutt" {rC+ Will+ Int-4 Dex+2}
 85232 | Pan      | Reached skill level 21 in Transmutations
 85239 | Pan      | Found the +6 sword of Cerebov {flame}
 85239 | Pan      | Noticed Cerebov
 85253 | Pan      | Identified the amulet of Qaxoq {Regen+ SInv}
 85388 | Pan      | Killed Cerebov
 85400 | Pan      | Got a fiery rune of Zot
 85741 | Pan      | Noticed Ilewk the pandemonium lord
 86058 | Pan      | Killed Ilewk the pandemonium lord
 86465 | Pan      | Reached skill level 22 in Transmutations
 86761 | Pan      | Found an exit through the horrors of the Abyss.
 86836 | Pan      | Gained mutation: Your body sometimes deteriorates upon
                  | taking damage. [a neqoxec]
 87977 | Pan      | Noticed Hudephugo the pandemonium lord
 87982 | Pan      | HP: 1/319 [Hell Sentinel/damnation (42)]
 88407 | Pan      | Noticed Hyiciso the pandemonium lord
 88411 | Pan      | Killed Hyiciso the pandemonium lord
 88412 | Pan      | Reached skill level 10 in Spellcasting
 88446 | Depths:4 | Escaped Pandemonium
 88486 | Hell     | Entered the Vestibule of Hell
 88486 | Hell     | Noticed Geryon
 88729 | Depths:4 | Gained mutation: Your magical capacity is low. (-10% MP) [a
                  | cacodemon]
 88864 | Hell     | Killed Geryon
 88919 | Hell     | Found a gateway to the decaying netherworld of Tartarus.
 88978 | Hell     | Found a gateway to the ashen valley of Gehenna.
 89092 | Hell     | Found a gateway to the Iron City of Dis.
 89164 | Hell     | Found a gateway to the freezing wastes of Cocytus.
 89387 | Zig:1    | Entered Level 1 of a ziggurat
 89435 | Zig:2    | Entered Level 2 of a ziggurat
 89467 | Zig:3    | Entered Level 3 of a ziggurat
 89517 | Zig:4    | Entered Level 4 of a ziggurat
 89520 | Zig:4    | Noticed a juggernaut
 89528 | Zig:4    | Killed a juggernaut
 89551 | Zig:5    | Entered Level 5 of a ziggurat
 89575 | Zig:5    | Identified the +6 hand axe "Beqayf" {vorpal, rC+ Dex+2}
 89594 | Zig:6    | Entered Level 6 of a ziggurat
 89743 | Zig:7    | Entered Level 7 of a ziggurat
 89881 | Zig:7    | Identified the ring of Orthodoxy {rF+ rC+}
 89895 | Zig:7    | Identified the +9 dire flail of Domination {flame, Dex+2}
 89931 | Zig:8    | Entered Level 8 of a ziggurat
 89934 | Zig:8    | Noticed an ancient lich
 89936 | Zig:8    | Killed an ancient lich
 89938 | Zig:8    | Noticed a dread lich
 89942 | Zig:8    | Killed a dread lich
 89943 | Zig:8    | Reached skill level 15 in Spellcasting
 90121 | Zig:8    | Identified the +1 chain mail of Zilua {rPois rF+ Slay-3}
 90133 | Zig:8    | Identified the +5 morningstar of Conscience {vorpal, *Noise
                  | rF+ Str+4}
 90150 | Zig:9    | Entered Level 9 of a ziggurat
 90184 | Zig:9    | Identified the +1 scimitar of Syba Feocvyu {holy, rElec
                  | rC+}
 90185 | Zig:9    | Identified the +8 whip of Doomed Offence {elec, rElec rC+
                  | Int+6}
 90192 | Zig:9    | Identified the ring "Sotz" {rElec rN+}
 90196 | Zig:9    | Identified the +5 scale mail of Prudence {Harm rElec rC+
                  | Will+}
 90202 | Zig:10   | Entered Level 10 of a ziggurat
 90522 | Zig:10   | Identified the +2 spear of Disaster {vorpal, *Noise rElec
                  | rPois Dex+9}
 90543 | Zig:10   | Identified the +2 quarterstaff of the Thing {vorpal,
                  | *Corrode rPois Int+8}
 90751 | Zot:5    | Got the Orb of Zot
 91113 | D:12     | Noticed Gimy the pandemonium lord
 91117 | D:12     | Killed Gimy the pandemonium lord
 91334 | D:$      | Escaped with the Orb!

Illustrated notes

#### ## ####..#####...
##...............
##................
##.................
#..................
#..................
##..................
###..@................
####.....................
#........................
#........................
..........................
#.........................
#.........................
.................####.####
................##[##..##)


Turn 65909 on Slime:5: eggfruit owo

Levels and vault maps discovered:
D:1:      kb_arrival_jail, layout_basic
D:2:      layout_basic, hellmonk_ecumenical_altar_inner_sanctum, uniq_terence,
          uniq_jessica
D:3:      minmay_recursive_quarters, layout_loops_ring, lemuel_tele_altar
D:4:      layout_layer_cave, slow_altar_1, gammafunk_ghost_split,
          kennysheep_flooded_box
D:5:      layout_loops_ring, mainiacjoe_overflow_brackets, uniq_pikel
D:6:      layout_gridville, nicolae_wooded_promenade, hangedman_decor_riveting
D:7:      layout_gridville, mainiacjoe_overflow_alcove_3,
          mainiacjoe_overflow_surrounded_room, nicolae_overflow_crystal_walls,
          nzn_overflow_gifts_of_might_and_magic,
          minmay_temple_entry_butterflies, enter_bailey_3
D:8:      layout_rooms, dpeg_oklobed_lair
D:9:      layout_layer_cave, kiku_gazebo_garden_becter, uniq_prince_ribbit1
D:10:     minmay_roctagon, layout_layer_cave, lightli_temple_of_fire,
          uniq_josephine
D:11:     lemuel_slime, layout_basic, minmay_orc_entry_guard_dogs, serial_shops,
          nicolae_shop_hallway_plus, nicolae_shop_hallway_plus,
          nicolae_shop_advertising_works [nicolae_subvault_shop_adworks],
          serial_glass, glass_columns_a, glass_columns_a, uniq_lodul
D:12:     layout_gridville
D:13:     layout_rooms
D:14:     layout_stronghold, skrybe_vaults_entry_preservation,
          chequers_serial_rivers_micro_a, gammafunk_ghost_arena
D:15:     gammafunk_enter_depths_forms, layout_basic,
          beargit_hepliaklqana_dungeon_heroes, uniq_louise
Lair:1:   dreamdust_isle_of_ice, layout_layer_cave, st_stairs_12,
          grunt_forest_stairs_basic
Lair:2:   layout_loops_ring, swamp_mist_pool, nicolae_quartered_pool_little,
          serial_bayou_shore_a, infiniplex_staircase_pool_2
Lair:3:   layout_long_grid, guppyfry_snake_entry_island
Lair:4:   layout_loops_ring, minmay_slime_entry_oklob_enclosed
Lair:5:   grunt_lair_end_beastmaster, layout_regular_city,
          nicolae_volcano_entry_hallway, grunt_megastairs_4,
          infiniplex_staircase_pool
Swamp:1:  layout_basic_swamp, evilmike_swamp_ruin_house_3, uniq_nikola
Swamp:2:  layout_falls_marsh, evilmike_swamp_ruin_house_1, uniq_mlioglotl
Swamp:3:  layout_basic_swamp, nicolae_swamp_bean_lake, swamp_pool4
Swamp:4:  swamp_fiery, layout_basic_swamp, cheibrodos_swamp_pet_leeches,
          uniq_kirke, uniq_bai_suzhen
Snake:1:  layout_misc_corridors, st_stairs_4, nicolae_triple_integral,
          lemuel_fruit_tree, uniq_agnes
Snake:2:  layout_onion_interference
Snake:3:  layout_misc_corridors, nicolae_integral_box
Snake:4:  grunt_snake_rune_spirals, layout_onion,
          portal_ice_cave_entry_frozen_things, drop_trap
Slime:1:  layout_caves
Slime:2:  layout_caves
Slime:3:  layout_caves, basic_altar
Slime:4:  layout_caves
Slime:5
Orc:1:    layout_caves, basic_altar, uniq_jorgrun, uniq_erolcha
Orc:2:    grunt_orc_community_town_hall, layout_diamond_mine,
          grunt_orc_community_big_house_2, grunt_orc_community_big_house_1,
          grunt_orc_community_house_1, grunt_orc_community_house_1,
          grunt_orc_community_house_3, grunt_orc_community_house_3,
          grunt_orc_community_house_1
Elf:1:    minmay_elf_arrival_summoners, layout_loops_cross,
          minmay_elf_crystal_heptagon
Elf:2:    nicolae_elf_blades_splatter_lattice [mumra_blade_entry_bloodbath],
          layout_geoelf_diagonals, nicolae_elf_vaults_five_recruitment_drive
Elf:3:    minmay_elf_hall_curves, layout_gridlike, serial_shops,
          nicolae_shop_bloodbath_and_beyond, ebering_ghost_inner_flame,
          nicolae_fountain_basement, uniq_roxanne
Vaults:1: vaults_room_pools, v_rooms_4, ontoclasm_vaults_decontamination,
          vaults_mumra_hex, vaults_mumra_hexcomb,
          nicolae_vaults_little_squares_6, vaults_room_door_hall, v_misc_11,
          grunt_vaults_hallway_long, layout_vaults_chaotic_city
Vaults:2: grunt_vaults_twisty, v_misc_4, v_alt_pattern_4,
          ontoclasm_vaults_shuriken, v_rooms_3,
          minmay_crypt_entry_simple_sparse, v_misc_16, v_misc_18, v_misc_4,
          hangedman_vaults_locks, vaults_dpeg_hooks, vaults_room_hallway,
          grunt_vaults_diagonal, nicolae_vaults_bisected_slash,
          layout_vaults_maze, uniq_xtahua
Vaults:3: infiniplex_enter_wizlab_spiral, nicolae_vaults_stairing_the_circle,
          vaults_room_door_hall, hangedman_vaults_pinch, v_misc_23, v_misc_17,
          vaults_standard_mumra_enter_the_diamond, ontoclasm_vaults_tryst,
          v_rooms_5, nicolae_vaults_fighting_squares, v_misc_29,
          vaults_room_ringed_pool, v_misc_14, vaults_room_door_ring,
          ontoclasm_vaults_ring_small, nicolae_vaults_little_squares_3,
          layout_vaults_omnibox, serial_shops
Vaults:4: nicolae_vaults_big_angled_halls, nicolae_vaults_gold_heap, v_misc_25,
          dpeg_vaults_waves, vaults_room_grunt_arrival_ludios,
          hangedman_vaults_hat, nicolae_vaults_little_squares_3,
          vaults_dpeg_ring, nicolae_vaults_rhombus_7, v_pattern_2,
          vaults_room_fancy_cross, ontoclasm_vaults_claustrophobia,
          hangedman_vaults_cutoff, layout_vaults_ring
Vaults:5: uniq_mennas, uniq_frederick
Crypt:1:  layout_rooms, grunt_crypt_arrival_split, uniq_jory
Crypt:2:  layout_chaotic_city, uniq_margery
Crypt:3:  evilmike_haunted_forest
Depths:1: layout_roguey, fedhas_altar_3, pan_entry,
          nicolae_trove_entry_isolated, grunt_hell_entry_dis_mu,
          minmay_fountain_box, cheibrodos_ashenzari_chains
Depths:2: grunt_house_of_mirrors, layout_basic, grunt_pan_entry_zigzag,
          hangedman_geh_valley, firewood_loft, serial_bayou_shore_b,
          infiniplex_staircase_door_maze, uniq_josephina
Depths:3: hourglass_vault, layout_basic, enter_ziggurat_c,
          chequers_serial_rivers_micro_c, nicolae_hell_entry_hellmouth_sunbeams,
          abyss_entry
Depths:4: evilmike_zot_entry_diamond, layout_basic,
          nicolae_abyss_entry_one_way_or_another, hell_entry,
          rand_demon_pan_entry_7, minmay_misc_feat_rows, minmay_misc_feat_five,
          lemuel_flamethrower_hall, uniq_boris
Hell
Zot:1:    layout_basic, nzn_ghost_randoct, grunt_megastairs_1
Zot:2:    layout_gridlike
Zot:3:    layout_onion, grunt_megastairs_2
Zot:4:    layout_misc_corridors, gammafunk_ghost_cemetery
Zot:5:    layout_onion, nicolae_shop_clearance

Skill      XL: |  1  2  3  4  5  6  7  8  9 10 11 12 13 14 15 16 17 18 19 20 21 22 23 24 25 26 27 |
---------------+----------------------------------------------------------------------------------+-----
Fighting       | 3 4 7 8 10 13 15 20 | 20.7
Short Blades   | 3 6 8 10 12 14 | 14.0
Invocations    | 2 4 10 13 16 19 | 19.0
Dodging        | 3 4 5 7 10 13 15 16 20 | 20.0
Stealth        | 7 10 13 16 | 16.6
Evocations     | 4 10 | 10.8
Throwing       | 5 10 | 10.0
Air Magic      | 2 7 8 |  8.8
Spellcasting   | 2 7 8 16 | 16.5
Translocations | 2 7 8 |  8.9
Shields        | 9 15 16 20 | 20.0
Long Blades    | 5 13 14 18 20 | 20.7
Transmutations | 8 22 | 22.4
Earth Magic    | 8 14 | 14.4
Necromancy     | 6 20 | 20.5

Action                   |  1- 3 |  4- 6 |  7- 9 | 10-12 | 13-15 | 16-18 | 19-21 | 22-24 | 25-27 || total
-------------------------+-------+-------+-------+-------+-------+-------+-------+-------+-------++-------
Melee: Dagger            |    81 |    45 |       |       |       |       |       |       |       ||   126
       Tailslap          |     7 |    31 |    36 |   102 |   356 |   434 |   497 |   475 |   835 ||  2773
       Punch             |     1 |       |     2 |    14 |    29 |    47 |     4 |       |       ||    97
       Rapier            |       |   182 |   246 |   531 |  1356 |  1450 |   418 |       |       ||  4183
       Double sword      |       |       |       |       |       |       |   861 |  1345 |  2764 ||  4970
       Quick blade       |       |       |       |       |       |       |    25 |     4 |       ||    29
       Kick              |       |       |       |       |       |       |       |       |   422 ||   422
Throw: Dart              |       |    11 |     8 |    14 |    32 |    56 |    54 |     4 |    88 ||   267
       Javelin           |       |       |       |       |       |    13 |    11 |       |     8 ||    32
 Cast: Vhi's Electric Ch |       |       |       |       |       |    45 |    88 |   100 |   437 ||   670
       Statue Form       |       |       |       |       |       |       |       |       |   102 ||   102
       Apportation       |       |       |       |       |       |       |       |       |    21 ||    21
Invok: Bend Time         |       |       |     2 |       |     2 |     5 |     8 |     7 |    30 ||    54
       Slouch            |       |       |     1 |     5 |     4 |    22 |     6 |     2 |    11 ||    51
       Temporal Distorti |       |       |       |       |       |     2 |       |       |       ||     2
       Step From Time    |       |       |       |       |       |     1 |     1 |     1 |     2 ||     5
 Abil: Breathe Fire      |       |       |    19 |    36 |    67 |    71 |    46 |     9 |     2 ||   250
       End Transformatio |       |       |       |       |       |       |       |       |     1 ||     1
Evoke: Wand              |       |     5 |     9 |     1 |    10 |     8 |    26 |     3 |    10 ||    72
       Phial of floods   |       |       |       |       |     2 |     1 |     1 |       |       ||     4
       Lightning rod     |       |       |       |       |     4 |     4 |     4 |       |       ||    12
       Condenser vane    |       |       |       |       |     1 |     3 |       |       |       ||     4
       Tin of tremorston |       |       |       |       |       |       |     2 |       |     2 ||     4
  Use: Scroll            |       |     4 |     7 |    13 |    12 |    16 |     9 |     5 |    26 ||    92
       Potion            |       |       |     8 |       |     1 |    20 |     3 |     5 |    44 ||    81
 Stab: Sleeping          |    10 |     7 |     5 |    29 |    55 |    48 |    47 |    50 |     8 ||   259
       Distracted        |       |       |       |     3 |     5 |     5 |     7 |     8 |    22 ||    50
       Petrified         |       |       |       |       |     1 |       |       |       |       ||     1
       Invisible         |       |       |       |       |     1 |     7 |       |       |       ||     8
       Confused          |       |       |       |       |       |       |     1 |       |       ||     1
Armor: Skin              |    22 |    60 |    61 |    81 |   151 |   180 |   137 |    92 |   386 ||  1170
Dodge: Dodged            |    32 |   149 |   217 |   707 |  1414 |  1445 |  1096 |   630 |  3039 ||  8729
Block: Tower shield      |       |       |       |       |       |       |  1636 |  1349 |  4808 ||  7793
       Reflection        |       |       |       |       |       |       |   116 |    30 |       ||   146
       Kite shield       |       |       |       |       |       |       |       |   133 |       ||   133
       Rpst.: Rapier     |       |       |       |       |   155 |   294 |   221 |       |       ||   670
       Double sword      |       |       |       |       |       |       |   440 |   545 |   758 ||  1743
       Quick blade       |       |       |       |       |       |       |     4 |     2 |       ||     6

Table legend: (Time is in decaauts)
 A = Elapsed time spent in this place.
 B = Non-inter-level travel time spent in this place.
 C = Inter-level travel time spent in this place.
 D = Time resting spent in this place.
 E = Time spent auto-exploring this place.
 F = Levels seen in this place.
 G = Mean time per level.
                   A        B        C        D        E       F      G
               +--------+--------+--------+--------+--------+-----+--------+
         Total | 140325 | 125923 |  14402 |  22803 |  59573 |  91 | 1542.0 |
       Dungeon |  26977 |  21647 |   5330 |   2665 |  14713 |  15 | 1798.5 |
          Lair |  12501 |  11075 |   1426 |   1639 |   6839 |   5 | 2500.2 |
         Swamp |   7508 |   6983 |    525 |   2146 |   2942 |   4 | 1877.0 |
     Snake Pit |   9866 |   8848 |   1018 |   2593 |   4073 |   4 | 2466.5 |
    Slime Pits |   3645 |   3219 |    426 |    158 |   2406 |   5 |  729.0 |
  Orcish Mines |   3936 |   3074 |    862 |    588 |   1421 |   2 | 1968.0 |
   Elven Halls |   8233 |   7444 |    789 |   2158 |   2160 |   3 | 2744.3 |
        Vaults |  13970 |  12697 |   1273 |   1858 |   7535 |   5 | 2794.0 |
         Crypt |   6388 |   6130 |    258 |    981 |   2660 |   3 | 2129.3 |
        Depths |   8667 |   7547 |   1120 |    841 |   4913 |   4 | 2166.8 |
          Hell |   1104 |   1097 |      7 |      0 |    595 |   1 | 1104.0 |
           Zot |  10037 |   8675 |   1362 |   1575 |   4610 |   5 | 2007.4 |
         Abyss |    913 |    913 |      0 |    109 |      0 |   3 |  304.3 |
   Pandemonium |  20893 |  20893 |      0 |   3915 |   4643 |  17 | 1229.0 |
      Ziggurat |   1747 |   1747 |      0 |    764 |      0 |  10 |  174.7 |
         Trove |    219 |    219 |      0 |      0 |      0 |   1 |  219.0 |
        Bailey |    745 |    745 |      0 |    271 |      0 |   1 |  745.0 |
      Ice Cave |    429 |    429 |      0 |    121 |      0 |   1 |  429.0 |
       Volcano |    983 |    983 |      0 |    224 |     59 |   1 |  983.0 |
        Wizlab |   1555 |   1555 |      0 |    194 |      0 |   1 | 1555.0 |
               +--------+--------+--------+--------+--------+-----+--------+

Top non-repeatable levels by time:
   Elf:3: 4043 daAuts
Vaults:1: 3759 daAuts
   Zot:5: 3277 daAuts
    D:15: 3277 daAuts
    D:14: 3210 daAuts
  Lair:1: 3194 daAuts
 Snake:4: 3186 daAuts
 Crypt:3: 3130 daAuts
   Orc:2: 3098 daAuts
  Lair:5: 2861 daAuts
 Snake:2: 2772 daAuts
Depths:4: 2717 daAuts
Vaults:4: 2658 daAuts
Vaults:3: 2631 daAuts
Vaults:5: 2592 daAuts
